 Dungeon Crawl Stone Soup version 0.19.1-1-g22dce08 (webtiles) character file.

284 empire the Digger (level 5, -1/38 HPs)
             Began as a Demigod Earth Elementalist on Jan 6, 2017.
             Slain by a bullfrog skeleton (2 damage)
             ... on level 4 of the Dungeon on Jan 11, 2017.
             The game lasted 00:10:03 (3614 turns).

empire the Digger (Demigod Earth Elementalist)      Turns: 3614, Time: 00:10:04

Health: -1/38      AC:  4    Str: 11    XL:     5   Next: 78%
Magic:  7/13       EV: 12    Int: 21    God:
Gold:   130        SH:  0    Dex: 16    Spells: 3 memorised, 4 levels left

rFire  . . .     SeeInvis .     (no weapon)
rCold  . . .     Gourm    .     c - +0 robe
rNeg   . . .     Faith    .     (no shield)
rPois  .         Spirit   .     (no helmet)
rElec  .         Reflect  .     (no cloak)
rCorr  .         Harm     .     (no gloves)
MR     .....                    A - +1 pair of boots
Stlth  ++........               (no amulet)
                                (no ring)
                                j - ring of wizardry

@: no status effects
A: high mp 1
a: no special abilities


You were on level 4 of the Dungeon.
You were not hungry.

You visited 1 branch of the dungeon, and saw 4 of its levels.

You collected 130 gold pieces.

Inventory:

Hand Weapons
 a - a +0 dagger
 m - a +0 glaive
 p - a +0 short sword
 z - a +2 dagger of chaos
Missiles
 n - 42 bolts
 y - 26 arrows
Armour
 c - a +0 robe (worn)
 A - a +1 pair of boots (worn)
Jewellery
 j - a ring of wizardry (left hand)
Wands
 v - a wand of flame (12/48)
Scrolls
 u - a scroll of blinking {unknown}
 x - a scroll of recharging {unknown}
Potions
 k - a potion of magic
 s - a potion of flight
Books
 e - a book of Geomancy

   Spells                             Type                      Level
   a - Sandblast                      Earth                        1
   b - Passwall                       Transmutation/Earth          2
   c - Stone Arrow                    Conjuration/Earth            3
   d - Petrify                        Transmutation/Earth          4
   e - Lee's Rapid Deconstruction     Earth                        5
Comestibles
 d - 4 bread rations
 f - 3 fruits
 i - a slice of pizza
 o - 2 beef jerkies
 r - a meat ration
 w - a chunk of flesh


   Skills:
 - Level 1.7 Dodging
 - Level 1.7 Stealth
 + Level 3.4 Spellcasting
 + Level 1.4 Conjurations
 + Level 2.8 Transmutations
 + Level 4.0 Earth Magic


You had 4 spell levels left.
You knew the following spells:

 Your Spells              Type           Power        Failure   Level  Hunger
a - Sandblast             Erth           ###...       1%          1    None
b - Passwall              Tmut/Erth      ###.......   2%          2    ##.....
c - Stone Arrow           Conj/Erth      ###...       6%          3    ###....


Dungeon Overview and Level Annotations

Branches:
Dungeon (4/15)
 Temple: D:4-7

Shops:
D:4 !

Annotations:
D:3 Pikel


Innate Abilities, Weirdness & Mutations

You have an increased reservoir of magic. (+10% MP)


Message History

The bullfrog skeleton misses you. The giant cockroach closely misses you.
Casting: Sandblast
Confirm with . or Enter, or press ? or * to list all spells.
Aiming: Sandblast
Press: ? - help, Shift-Dir - straight line, f/p - giant cockroach
Aim: a giant cockroach (clinging)
The blast of sand misses the giant cockroach.
The orc misses you. The bullfrog skeleton misses you.
The giant cockroach barely misses you.
Casting: Sandblast
Confirm with . or Enter, or press ? or * to list all spells.
Aiming: Sandblast
Press: ? - help, Shift-Dir - straight line, f/p - giant cockroach
Aim: a giant cockroach (clinging)
The blast of sand hits the giant cockroach.
You kill the giant cockroach!
The orc completely misses you. The bullfrog skeleton hits you.
* * * LOW HITPOINT WARNING * * *
The bullfrog skeleton hits you.
You die...

,,,,,,,,,* * ********,* ********
*,* *,,,,,,, ********,** *,,,,,,,
,,,,,,,*,,* *,,,,,,, ,,,,,,,**,*
*,,,,,,, ,,,,,,,*#,** *,,,,,,,
,,,,,,,*#..#################*****
,,,,,,,,.......o@...........,,,,,
,,,,,,,**#..#..Z####.#######*****
,,,,,,,* **,#..†#**#.#**** *
******** #......,,...,,,* *
,,,,,,* ##......,....,,* *
,,,,,,*****#............,* *
,,,,,,,,,,,..............* *
,,,,,,****###..#.........# *
,,,,,,* ##.*......,,,* *


You could see an orc and a bullfrog skeleton.

Vanquished Creatures
  3 crimson imps (D:3)
  An orc wizard (D:3)
  An adder (D:2)
  3 oozes
  4 worms
  11 dart slugs
  3 leopard geckos
  9 orcs (D:3)
  12 bats
  5 giant cockroaches
  8 goblins
  5 hobgoblins
  4 jackals
  6 kobolds
  4 quokkas
  A ball python (D:2)
  3 frilled lizards
  9 rats
92 creatures vanquished.

Notes
Turn   | Place    | Note
-------+----------+-------------------------------------------
     0 | D:1      | empire the Demigod Earth Elementalist began the quest for the Orb.
     0 | D:1      | Reached XP level 1. HP: 14/14 MP: 5/5
   157 | D:1      | Reached XP level 2. HP: 18/20 MP: 5/7
   230 | D:1      | Reached skill level 3 in Earth Magic
   273 | D:1      | Learned a level 2 spell: Passwall
   427 | D:1      | Reached skill level 1 in Transmutations
   868 | D:1      | Reached XP level 3. HP: 26/26 MP: 6/9
  1979 | D:3      | Reached XP level 4. HP: 32/33 MP: 3/11
  2082 | D:3      | Learned a level 3 spell: Stone Arrow
  2946 | D:3      | Reached XP level 5. HP: 32/38 MP: 7/12
  3104 | D:3      | Found a shimmering altar of Xom.
  3108 | D:3      | Reached skill level 1 in Conjurations
  3114 | D:3      | Reached skill level 4 in Earth Magic
  3472 | D:4      | Found Lythrula's Distillery.
  3472 | D:4      | Noticed a slave
  3472 | D:4      | Noticed a slave
  3473 | D:4      | Noticed a slave
  3474 | D:4      | Noticed Pikel
  3481 | D:4      | Noticed a slave
  3500 | D:3      | HP: 1/38 [Pikel/whip of freezing (1)]
  3613 | D:4      | HP: 1/38 [bullfrog skeleton (4)]
  3614 | D:4      | Slain by a bullfrog skeleton

Skill      XL: |  1  2  3  4  5 |
---------------+----------------+-----
Spellcasting   | 2 3 |  3.4
Earth Magic    | 3 4 |  4.0
Transmutations | 1 2 |  2.8
Conjurations   | 1 |  1.4
Dodging        | |  1.7
Stealth        | |  1.7

Action                   |  1- 3 |  4- 6 || total
-------------------------+-------+-------++-------
 Cast: Sandblast         |    58 |    97 ||   155
  Use: Scroll            |       |     7 ||     7
  Eat: Chunk             |     3 |     5 ||     8
Armor: Robe              |     2 |     6 ||     8
Dodge: Dodged            |    17 |    42 ||    59
